 Dungeon Crawl Stone Soup version 0.30-a0-953-g5f1da4a474 (webtiles) character file.

Game seed: 11194830265523486608

345 mopl the Covert (level 6, -2/43 HPs)
             Began as an Octopode Brigand on Mar 28, 2023.
             Slain by Grinder (10 damage)
             ... while paralysed by Grinder
             ... in a sewer.
             The game lasted 00:06:27 (3649 turns).

mopl the Covert (Octopode Brigand)                  Turns: 3649, Time: 00:06:28

Health: -2/43      AC:  1    Str: 10    XL:     6   Next: 58%
Magic:  8/8        EV:  2    Int: 16    God:
Gold:   191        SH:  0    Dex: 13    Spells: 3/8 levels left

rFire   . . .      SeeInvis .    a - +2 dagger
rCold   . . .      Faith    .    (no shield)
rNeg    . . .      Spirit   .    (helmet restricted)
rPois   .          Reflect  .    t - amulet of magic regeneration
rElec   .          Rampage  .    (no ring)
rCorr   .                        (no ring)
Will    .....                    (no ring)
Stlth   +++++                    (no ring)
HPRegen 0.27/turn                (no ring)
MPRegen 0.51/turn                (no ring)
                                 (no ring)
                                 (no ring)

@: paralysed, studying Shields
A: almost no armour, amphibious, 8 rings, camouflage 1, gelatinous body 1,
(nimble swimmer 1), tentacles
a: no special abilities


You were in a sewer.
You visited 1 branch of the dungeon, and saw 4 of its levels.
You also visited: Sewer.

You collected 191 gold pieces.

Inventory:

Hand Weapons
 a - a +2 dagger (weapon)
 u - a +0 dagger of venom
Missiles
 b - 24 poisoned darts (quivered)
 c - 3 curare-tipped darts
Jewellery
 t - an amulet of magic regeneration (around mantle)
Scrolls
 f - 2 scrolls of immolation {unknown}
 g - 3 scrolls of teleportation {unknown}
 h - a scroll of enchant armour {unknown}
 i - 7 scrolls of identify {unknown}
 k - a scroll of torment {unknown}
 l - 2 scrolls of silence {unknown}
 m - a scroll of noise {unknown}
 n - 2 scrolls of magic mapping {unknown}
 o - a scroll of fear {unknown}
Potions
 d - a potion of brilliance {unknown}
 e - 4 potions of flight {unknown}
 j - a potion of ambrosia {unknown}
 p - a potion of magic {unknown}
 q - a potion of berserk rage {unknown}
 r - 2 potions of heal wounds {unknown}
 s - a potion of haste {unknown}


   Skills:
 + Level 3.8 Fighting
 - Level 2.0 Short Blades
 - Level 2.0 Throwing
 - Level 1.0 Dodging
 - Level 8.0 Stealth
 + Level 2.7 Shields
 + Level 1.5 Spellcasting
 + Level 1.1 Conjurations
 + Level 1.2 Air Magic


You had 3 spell levels left.
You knew the following spells:

 Your Spells              Type           Power      Damage    Failure   Level
a - Freezing Cloud        Conj/Ice/Air   1%         6-21      99%         5

Your spell library contained the following spells:

 Spells                   Type           Power      Damage    Failure   Level
 Magic Dart               Conj           16%        1d3       14%         1
 Freeze                   Ice            4%         1d3       22%         1
 Summon Small Mammal      Summ           4%         N/A       22%         1
 Hailstorm                Conj/Ice       3%         3d3       45%         3
 Kindle Blastsparks       Fire/Tloc/Air  4%         2d10      50%         3
 Call Canine Familiar     Summ           1%         N/A       54%         3
 Frozen Ramparts          Ice            2%         1d1       54%         3
 Ignite Poison            Fire/Tmut/Pois 1%         N/A       54%         3
 Ozocubu's Armour         Ice            1%         N/A       54%         3
 Summon Guardian Golem    Hex/Summ       1%         N/A       54%         3
 Metabolic Englaciation   Hex/Ice        0%         N/A       99%         5
 Simulacrum               Ice/Necr       0%         N/A       100%        6


Dungeon Overview and Level Annotations

Branches:
Dungeon (4/15)              Sewer (1/1)
 Temple: D:4-7

Altars:
Okawaru

Shops:
D:1 (

Annotations:
Sewer Grinder


Innate Abilities, Weirdness & Mutations

You cannot wear most types of armour.
You are amphibious.
You can wear up to eight rings at the same time.
Your skin changes colour to match your surroundings (Stealth+).
Your rubbery body absorbs attacks. (AC +1, EV +1)
((You are camouflaged when in or above water. (Stealth+)))
You have tentacles for arms and can constrict up to eight enemies at once.


Message History

You constrict Grinder. The kobold closely misses you.
Grinder closely misses you.
You hit Grinder but do no damage.
Grinder is moderately wounded.
You constrict Grinder. The kobold barely misses you.
Grinder blinks free!
You miss the kobold. Your grab misses the kobold.
The kobold hits you with a +0 dagger. Grinder gestures at you.
You resist with significant effort.
You hit the kobold. Your grab misses the kobold.
Your squeeze misses the kobold.
The kobold is severely wounded.
You closely miss the kobold. Your grab misses the kobold.
Your squeeze misses the kobold.
The kobold is severely wounded.
The kobold hits you but does no damage.
You closely miss the kobold. Your grab misses the kobold.
Your squeeze misses the kobold.
The kobold is severely wounded.
The kobold closely misses you.
You closely miss the kobold. You grab the kobold.
The kobold is moderately wounded.
You constrict the kobold, but do no damage.
The kobold closely misses you.
Grinder says, "I used to sell toenails on the black market."
Grinder gestures at you.
You suddenly lose the ability to move!
You lose your grip on the kobold.
The kobold hits you with a +0 dagger. x2
* * * LOW HITPOINT WARNING * * *
The kobold hits you with a +0 dagger.
* * * LOW HITPOINT WARNING * * *
Grinder gestures at you.
You shrug off the repeated paralysis!
The kobold hits you but does no damage. Grinder gestures at you.
You barely resist. The kobold hits you with a +0 dagger.
* * * LOW HITPOINT WARNING * * *
Grinder hits you!
You die...

#≈)..≈# ##'''##
#######.....########
≈≈≈≈≈#..⌠.⌠..#~≈≈≈≈≈
......'.......'......
.()...'.⌠._.⌠.'......
......'.......'......
(≈~~≈≈#...5...#≈≈~≈≈≈
#########K@.#########
#############'#########
#≈~~#≈~≈≈≈~#...#~≈~≈~~#
#≈~~~~~~~~≈.....~~~.~≈#
#≈~~#).....#...#......#
#≈..#'#######≈#######'#
#≈~~#.....)#≈≈≈#......#
#~~~#~)~~..#≈≈≈#..~~≈)#
#≈≈≈#≈≈≈≈~...≈...≈≈)≈≈#


You could see Grinder and a kobold.

Vanquished Creatures
  A necrophage (Sewer)
  A wight (Sewer)
  Jessica (D:2)
  5 adders
  A river rat (D:4)
  2 shadow imps (Sewer)
  4 ufetubi (Sewer)
  An adder zombie (Sewer)
  3 worms
  2 dart slugs
  An orc (D:3)
  4 bats
  A bat zombie (Sewer)
  6 endoplasms
  5 giant cockroaches
  8 goblins
  6 hobgoblins
  8 jackals
  18 kobolds
  5 quokkas
  8 ball pythons
  A frilled lizard (D:3)
  A giant cockroach zombie (Sewer)
  3 kobold zombies (Sewer)
  10 rats
106 creatures vanquished.

Notes
Turn   | Place    | Note
-------+----------+-------------------------------------------
     0 | D:1      | mopl the Octopode Brigand began the quest for the Orb.
     0 | D:1      | Reached XP level 1. HP: 14/14 MP: 1/1
   149 | D:1      | Reached skill level 6 in Stealth
   149 | D:1      | Reached XP level 2. HP: 19/19 MP: 2/2
   280 | D:1      | Found Zouzerul's Weapon Emporium.
   442 | D:1      | Reached XP level 3. HP: 24/24 MP: 3/3
   667 | D:1      | Found a faded altar of an unknown god.
   677 | D:1      | Got Plato's Tome of Power
  1404 | D:2      | Reached skill level 7 in Stealth
  1404 | D:2      | Reached XP level 4. HP: 21/30 MP: 4/4
  1509 | D:2      | Reached skill level 3 in Fighting
  1704 | D:2      | Noticed Jessica
  1709 | D:2      | Killed Jessica
  2128 | D:3      | Found an iron altar of Okawaru.
  2212 | D:3      | Reached XP level 5. HP: 36/36 MP: 5/5
  2216 | D:3      | Reached skill level 1 in Shields
  2731 | D:4      | Learned a level 5 spell: Freezing Cloud
  2801 | D:4      | Found a glowing drain.
  2826 | Sewer    | Entered a sewer
  3027 | Sewer    | Reached skill level 1 in Spellcasting
  3234 | Sewer    | Reached skill level 2 in Shields
  3234 | Sewer    | Reached XP level 6. HP: 35/42 MP: 7/7
  3240 | Sewer    | Found an ancient bone altar of Kikubaaqudgha.
  3582 | Sewer    | Reached skill level 8 in Stealth
  3582 | Sewer    | Reached skill level 1 in Conjurations
  3582 | Sewer    | Reached skill level 1 in Air Magic
  3627 | Sewer    | Noticed Grinder
  3644 | Sewer    | Paralysed by Grinder for 5 turns
  3649 | Sewer    | Slain by Grinder

Illustrated notes

Levels and vault maps discovered:
D:1:      nicolae_arrival_escape_room, layout_loops_corners,
          shapermc_ecumenical_altar_rom_forum, serial_shops,
          nicolae_shop_bloodbath_and_beyond
D:2:      layout_basic, uniq_jessica
D:3:      layout_basic, okawaru_gym_becter
D:4:      layout_basic, portal_sewer_entry_b, minmay_misc_feat_plants
Sewer:    kennysheep_sewer_church

Skill      XL: |  1  2  3  4  5  6 |
---------------+-------------------+-----
Stealth        | 6 7 8 |  8.0
Fighting       | 3 |  3.8
Shields        | 2 |  2.7
Spellcasting   | 1 |  1.5
Conjurations   | 1 |  1.1
Air Magic      | 1 |  1.2
Short Blades   | |  2.0
Throwing       | |  2.0
Dodging        | |  1.0

Action                     |  1- 3 |  4- 6 || total
---------------------------+-------+-------++-------
  Melee: Dagger            |    72 |   153 ||   225
         Constrict         |    17 |    29 ||    46
         Tentacles         |     8 |    28 ||    36
         Punch             |       |     3 ||     3
  Throw: Dart              |       |    16 ||    16
   Stab: Sleeping          |    14 |    17 ||    31
         Distracted        |       |     2 ||     2
 Armour: Skin              |       |    12 ||    12
  Dodge: Dodged            |    32 |    91 ||   123

Table legend: (Time is in decaauts)
 A = Elapsed time spent in this place.
 B = Non-inter-level travel time spent in this place.
 C = Inter-level travel time spent in this place.
 D = Time resting spent in this place.
 E = Time spent auto-exploring this place.
 F = Levels seen in this place.
 G = Mean time per level.
                   A        B        C        D        E       F      G
               +--------+--------+--------+--------+--------+-----+--------+
         Total |   3623 |   3545 |     78 |    436 |   2273 |   5 |  724.6 |
       Dungeon |   2810 |   2732 |     78 |     31 |   2174 |   4 |  702.5 |
         Sewer |    813 |    813 |      0 |    405 |     99 |   1 |  813.0 |
               +--------+--------+--------+--------+--------+-----+--------+

Top non-repeatable levels by time:
     D:2: 1016 daAuts
     D:1: 888 daAuts
   Sewer: 813 daAuts
     D:3: 770 daAuts
     D:4: 135 daAuts
